 Dungeon Crawl Stone Soup version 0.30-a0-305-g026cb31310 (webtiles) character file.

Game seed: 3125626607549290081

93 porpoise the Cudgeller (level 4, -4/35 HPs)
             Began as a Demonspawn Reaver on Oct 23, 2022.
             Slain by an orc
             ... wielding a +0 falchion
              (6 damage)
             ... on level 3 of the Dungeon.
             The game lasted 00:06:48 (1834 turns).

porpoise the Cudgeller (Demonspawn Reaver)          Turns: 1834, Time: 00:06:48

Health: -4/35      AC:  3    Str: 15    XL:     4   Next: 36%
Magic:  7/7        EV: 11    Int: 14    God:
Gold:   69         SH:  0    Dex: 11    Spells: 6/7 levels left

rFire   . . .      SeeInvis +    a - +0 mace
rCold   . . .      Faith    .    (no shield)
rNeg    . . .      Spirit   .    b - +0 leather armour
rPois   .          Reflect  .    (no helmet)
rElec   .          Harm     .    (no cloak)
rCorr   .          Rampage  .    (no gloves)
Will    .....                    (no boots)
Stlth   +.........               (no amulet)
HPRegen 0.25/turn                k - ring of see invisible
MPRegen 0.10/turn                (no ring)

@: no status effects
A: hooves 2, condensation shield
a: no special abilities


You were on level 3 of the Dungeon.
You visited 1 branch of the dungeon, and saw 3 of its levels.

You collected 69 gold pieces.

Inventory:

Hand Weapons
 a - a +0 mace (weapon)
 o - a +4 rapier of venom
Missiles
 h - 7 javelins
 m - 4 poisoned darts (quivered)
Armour
 b - a +0 leather armour (worn)
Jewellery
 k - a ring of see invisible (left hand)
Scrolls
 c - a scroll of identify {unknown}
 e - a scroll of magic mapping {unknown}
 f - a scroll of silence {unknown}
 g - a scroll of amnesia {unknown}
 i - a scroll of enchant weapon {unknown}
 l - a scroll of fog {unknown}
 n - 2 scrolls of fear {unknown}
 p - a scroll of vulnerability {unknown}
Potions
 d - a potion of heal wounds {unknown}
 j - a potion of invisibility {unknown}


   Skills:
 + Level 3.1 Fighting
 * Level 4.2 Maces & Flails
 - Level 1.7 Dodging
 - Level 2.0 Spellcasting
 - Level 3.0 Conjurations


You had 6 spell levels left.
You knew the following spells:

 Your Spells              Type           Power      Damage    Failure   Level
a - Kiss of Death         Conj/Necr      20%        2d7       16%         1

Your spell library contained the following spells:

 Spells                   Type           Power      Damage    Failure   Level
 Momentum Strike          Conj/Tloc      10%        3d8       24%         2
 Apportation              Tloc           2%         N/A       28%         1
 Necrotise                Necr           4%         1d4       28%         1
 Summon Small Mammal      Summ           4%         N/A       28%         1
 Hailstorm                Conj/Ice       5%         3d4       43%         3
 Confusing Touch          Hex            1%         N/A       65%         3
 Dispel Undead            Necr           1%         3d6       96%         4


Dungeon Overview and Level Annotations

Branches:
Dungeon (3/15)

Altars:


Innate Abilities, Weirdness & Mutations

You have hoof-like feet.
A meltable shield of frost defends you. (SH +0)


Message History

You kill the orc!
Your Maces & Flails skill increases to level 4!
You hit the orc wizard but do no damage.
You kick the orc wizard, but do no damage.
The orc wizard is almost dead.
The orc wizard hits you with a +0 dagger.
You hit the orc wizard but do no damage.
Your kick misses the orc wizard.
The orc wizard is almost dead.
The orc wizard casts a spell at you. The magic dart hits you!
* * * LOW HITPOINT WARNING * * *
The orc wizard hits you with a +0 dagger.
* * * LOW HITPOINT WARNING * * *
You hit the orc wizard.
You kill the orc wizard!
Your Fighting skill increases to level 3!
You have reached level 4!
You feel stronger.
Your demonic ancestry asserts itself...
Your feet thicken and deform.
You sock the orc!
You kill the orc!
Throw: 5 darts (poison)
Press: ? - help, Q - select action, (/) - cycle Shift-Dir - straight line, f - orc
Aim: an orc, wielding a +0 falchion and wearing a +0 ring mail (60% to hit)
You throw a poisoned dart. The poisoned dart hits the orc.
The orc is poisoned.
You hit the orc but do no damage.
The orc is lightly wounded.
The orc hits you but does no damage.
You hit the orc but do no damage.
The orc is lightly wounded.
The orc hits you with a +0 falchion.
* * * LOW HITPOINT WARNING * * *
You hit the orc but do no damage.
The orc is lightly wounded.
The orc hits you but does no damage.
You hit the orc.
The orc is severely wounded.
The orc closely misses you. The orc hits you with a +0 falchion.
You die...

................##
#..#.#.###.###....
#..#.#.#.......# #
...#.#........###..##
>....................
##.#......#.#.#####.
#.####..##.#.# # #.#
#..##.#.######..#
.......#...@o(...#
#################.#


You could see an orc (poisoned).

Vanquished Creatures
  An orc wizard (D:3)
  2 adders (D:2)
  4 dart slugs
  2 orcs (D:3)
  4 ball pythons
  A bat (D:2)
  7 endoplasms
  A giant cockroach (D:1)
  A goblin (D:1)
  7 hobgoblins
  2 jackals (D:1)
  3 kobolds (D:2)
  2 rats (D:1)
37 creatures vanquished.

Notes
Turn   | Place    | Note
-------+----------+-------------------------------------------
     0 | D:1      | porpoise the Demonspawn Reaver began the quest for the Orb.
     0 | D:1      | Reached XP level 1. HP: 16/16 MP: 3/3
    89 | D:1      | Reached skill level 3 in Maces & Flails
   279 | D:1      | Gained mutation: A meltable shield of frost defends you.
                  | (SH +0) [demonic ancestry]
   279 | D:1      | Reached XP level 2. HP: 20/22 MP: 5/5
  1093 | D:2      | Gained mutation: You have large cloven feet. [demonic
                  | ancestry]
  1093 | D:2      | Reached XP level 3. HP: 28/28 MP: 6/6
  1826 | D:3      | Reached skill level 4 in Maces & Flails
  1829 | D:3      | Gained mutation: You have hoof-like feet. [demonic
                  | ancestry]
  1829 | D:3      | Reached XP level 4. HP: 6/35 MP: 7/7
  1834 | D:3      | Slain by an orc

Illustrated notes

Levels and vault maps discovered:
D:1:      dpeg_arrival_stone_temple_mockup, layout_basic
D:2:      layout_rooms
D:3:      layout_basic, serial_shops, nicolae_shop_overgrown_old_shop

Skill      XL: |  1  2  3 |
---------------+----------+-----
Maces & Flails | 3 4 |  4.2
Fighting       | 3 |  3.1
Dodging        | |  1.7
Spellcasting   | |  2.0
Conjurations   | |  3.0

Action                   |  1- 3 |  4- 6 || total
-------------------------+-------+-------++-------
Melee: Mace              |   123 |     5 ||   128
       Kick              |    13 |       ||    13
       Punch             |     1 |       ||     1
Throw: Dart              |       |     1 ||     1
 Stab: Sleeping          |     1 |       ||     1
Armor: Leather armour    |    34 |     2 ||    36
Dodge: Dodged            |    54 |     1 ||    55
Block: Other             |    15 |       ||    15

Table legend: (Time is in decaauts)
 A = Elapsed time spent in this place.
 B = Non-inter-level travel time spent in this place.
 C = Inter-level travel time spent in this place.
 D = Time resting spent in this place.
 E = Time spent auto-exploring this place.
 F = Levels seen in this place.
 G = Mean time per level.
                   A        B        C        D        E       F      G
               +--------+--------+--------+--------+--------+-----+--------+
         Total |   1862 |   1812 |     50 |    330 |   1132 |   3 |  620.7 |
       Dungeon |   1862 |   1812 |     50 |    330 |   1132 |   3 |  620.7 |
               +--------+--------+--------+--------+--------+-----+--------+

Top non-repeatable levels by time:
     D:1: 1105 daAuts
     D:2: 674 daAuts
     D:3: 82 daAuts
